 Dungeon Crawl Stone Soup version 0.22-a0-367-gb72a975 (webtiles) character file.

1158 dstrtnsr the Cutter (level 8, -11/63 HPs)
             Began as a Centaur Ice Elementalist on Apr 22, 2018.
             Was a Follower of Cheibriados.
             Mangled by an ogre
             ... wielding a cursed -1 giant club
              (31 damage)
             ... on level 7 of the Dungeon.
             The game lasted 00:27:28 (3110 turns).

dstrtnsr the Cutter (Centaur Ice Elementalist)      Turns: 3110, Time: 00:27:29

Health: -11/63     AC:  9    Str: 14    XL:     8   Next: 16%
Magic:  2/10       EV: 10    Int: 19    God:    Cheibriados [*.....]
Gold:   258        SH:  0    Dex: 13    Spells: 5/10 levels left

rFire    . . .     SeeInvis .   d - +0 dagger (venom)
rCold    . . .     Gourm    .   (no shield)
rNeg     . . .     Faith    .   a - +0 robe
rPois    .         Spirit   .   b - +0 helmet
rElec    .         Reflect  .   o - +0 cloak
rCorr    .         Harm     .   t - +2 pair of gloves
MR       .....                  (no barding)
Stlth    +.........             v - amulet of rage
HPRegen  0.20/turn              (no ring)
MPRegen  0.12/turn              (no ring)

@: very slightly contaminated, slow
A: large, hooves 3, deformed body, speed 2, tough skin 3
a: Bend Time, Renounce Religion, Evoke Berserk Rage


You were on level 7 of the Dungeon.
You worshipped Cheibriados.
Cheibriados was aware of your devotion.
You were not hungry.

You visited 1 branch of the dungeon, and saw 7 of its levels.
You also visited: Sewer.

You collected 258 gold pieces.

Inventory:

Hand Weapons
 d - a +0 dagger of venom (weapon)
 f - a +1 dagger of protection
Missiles
 m - 2 stones (quivered)
Armour
 a - a +0 robe (worn)
 b - a +0 helmet (worn)
 o - a +0 cloak (worn)
 t - a +2 pair of gloves (worn)
Magical Staves
 i - an uncursed staff of earth
 l - an uncursed staff of conjuration {!a}
Jewellery
 v - an amulet of rage (around neck)
Wands
 P - a wand of paralysis (4)
Scrolls
 g - 4 scrolls of remove curse {@r2}
 j - a scroll of immolation {!r}
 k - a scroll of summoning {unknown}
 p - a scroll of fog
 r - a scroll of magic mapping {unknown}
 s - a scroll of enchant weapon {unknown}
 x - a scroll of noise {unknown}
Potions
 e - a potion of resistance {!q}
 h - 2 potions of might
 n - a potion of ambrosia {!q}
 u - a potion of mutation {!q}
 w - 3 potions of brilliance {unknown}
Comestibles
 c - 12 rations {!d}


   Skills:
 + Level 3.4 Fighting
 * Level 5.4 Short Blades
 - Level 1.3 Dodging
 - Level 1.1 Stealth
 - Level 1.5 Spellcasting
   Level 0.8 Conjurations
 * Level 4.1 Summonings
 + Level 4.8 Ice Magic


You had 5 spell levels left.
You knew the following spells:

 Your Spells              Type           Power        Failure   Level  Hunger
a - Freeze                Ice            ###.         2%          1    ##.....
i - Summon Ice Beast      Ice/Summ       ###.....     28%         4    #####..


Dungeon Overview and Level Annotations

Branches:
Dungeon (7/15)
 Temple: D:4-7

Altars:
Ashenzari
Cheibriados
Dithmenos
Gozag
Nemelex Xobeh
Ru
Trog
Yredelemnul
The Shining One

Annotations:
D:1 exclusion: downstairs
D:2 Jessica
D:4 khargal's ghost, amateur GrFi


Innate Abilities, Weirdness & Mutations

You have hooves in place of feet.
Armour fits poorly on your strangely shaped body.
You cover ground very quickly.
You have extremely tough skin. (AC +3)


Message History

Huge Dmg: -8%(-5hp) hp: 24%(15hp)
You hit the gnoll but do no damage.
The gnoll looks as sick as possible!
You kill the gnoll!
Cheibriados appreciates the change of pace.
Unknown command.
Casting: Freeze (safe; 2% risk of failure)
Confirm with . or Enter, or press ? or * to list all spells.
Aiming: Freeze (safe; 2% risk of failure)
Press: ? - help, Shift-Dir - straight line, f - gnoll
Aim: a gnoll, wielding a club You freeze the gnoll.
The gnoll is heavily wounded.
The gnoll hits you but does no damage.
Casting: Freeze (safe; 2% risk of failure)
Confirm with . or Enter, or press ? or * to list all spells.
Aiming: Freeze (safe; 2% risk of failure)
Press: ? - help, Shift-Dir - straight line, f/p - gnoll
Aim: a gnoll, wielding a club (heavily wounded)
You freeze the gnoll.
You kill the gnoll!
Cheibriados appreciates the change of pace.
You see here a club.
Unknown command.
You see here a spear.
A gnoll comes into view. It is wielding a whip.
You see here a quokka corpse.
You see here a spear.
You see here a club.
Things that are here:
a killer bee corpse x2
Found a short jewelled staff.
Found an escape hatch in the ceiling.
You see here a short jewelled staff.
l - a short jewelled staff Wield which item (- for none, * to show all)? (? for menu, Esc to quit)
Your +0 dagger of venom stops dripping with poison.
l - an uncursed staff of conjuration (weapon)
Wield which item (- for none, * to show all)? (? for menu, Esc to quit)
Your +1 dagger of protection hums with potential!
f - a +1 dagger of protection (weapon)
Wield which item (- for none, * to show all)? (? for menu, Esc to quit)
Your +1 dagger of protection goes still.
Your +0 dagger of venom begins to drip with poison!
d - a +0 dagger of venom (weapon)
There is an escape hatch in the ceiling here.
You open the door.
There is an open door here.
Found 16 gold pieces.
Found a scroll labeled VAUDWUECIB.
Found an escape hatch in the floor.
You see here 16 gold pieces.
You now have 258 gold pieces (gained 16).
You see here a scroll labeled VAUDWUECIB.
j - 2 scrolls labeled VAUDWUECIB (gained 1)
As you read the scroll labeled VAUDWUECIB, it crumbles to dust.
The air around you briefly surges with heat, but it dissipates.
It was a scroll of immolation.
Unknown command.
Found a scroll of fog.
Found a stone staircase leading down.
Found a leather armour.
You see here a scroll of fog.
p - a scroll of fog
Found a potion of mutation.
An ogre comes into view. It is wielding a giant club.
Found a bloodstained altar of Trog.
The ogre shouts!
A hippogriff comes into view.
The hippogriff moves out of view.
You see here a potion of mutation {!q}.
Okay, then.
Casting: Freeze (safe; 2% risk of failure)
Confirm with . or Enter, or press ? or * to list all spells.
You miscast Summon Ice Beast.
You are very lightly contaminated with residual magic.
You are covered in a thin layer of ice.
Unknown command.
Casting: Summon Ice Beast (quite dangerous; 28% risk of failure)
Confirm with . or Enter, or press ? or * to list all spells.
You miscast Summon Ice Beast.
A chill runs through your body. The ogre hits you with a giant club!!
* * * LOW HITPOINT WARNING * * *
Huge Dmg: -30%(-19hp) hp: 31%(19hp)
The hippogriff screeches!
You hit the ogre.
The ogre is poisoned.
You kick the ogre.
The ogre is lightly wounded.
Unknown command.
Okay, then.
Unknown command.
You hit the ogre but do no damage.
The ogre looks as sick as possible!
The ogre is moderately wounded.
The ogre barely misses you.
Unknown command.
You hit the ogre.
The ogre looks as sick as possible!
Your kick misses the ogre.
The ogre is moderately wounded.
Unknown command.
You hit the ogre.
The ogre is severely wounded.
The ogre hits you with a giant club!!
You die...

..[...................
# ..>..............###
#.##
.........######....#
#.#. .###....# #..#.#
...### #....# #..#.#
#.... #....# #....#
#..# #....# #.#..##
#.#####....# #......
#!...O@....# ####.##
.._....H##########
...## ......#.# ###.##
.....##.# #.># #...#
#.# ##.# ##.# #.# ..
#.. #.# .. #. #.# #.
..


You could see a hippogriff and an ogre.

Vanquished Creatures
  2 necrophages (D:6)
  A bullfrog (D:6)
  2 scorpions
  4 killer bees (D:7)
  A quasit (D:6)
  2 hounds
  A gnoll shaman (D:5)
  Ijyb (D:5)
  An iguana (D:4)
  4 orc wizards
  3 worker ants
  A worker ant zombie (D:6)
  6 gnolls
  3 river rats (Sewer)
  8 adders
  2 adder skeletons
  3 worms
  2 dart slugs
  5 leopard geckos
  17 orcs
  4 ball pythons
  A giant cockroach (D:3)
  9 goblins
  6 hobgoblins
  7 jackals
  2 quokkas
  6 bats
  3 frilled lizards
  4 kobolds
  A leopard gecko skeleton (D:4)
  A quokka skeleton (D:6)
  17 rats
130 creatures vanquished.

Notes
Turn   | Place    | Note
-------+----------+-------------------------------------------
     0 | D:1      | dstrtnsr the Centaur Ice Elementalist began the quest for the Orb.
     0 | D:1      | Reached XP level 1. HP: 14/14 MP: 3/3
     3 | D:1      | Noticed a gargoyle
     5 | D:1      | Noticed a vampire
     6 | D:1      | Noticed a draconian
    14 | D:1      | Noticed a gargoyle
    14 | D:1      | Noticed a ghoul
    18 | D:1      | Noticed a formicid
    20 | D:1      | Noticed a human
   155 | D:1      | Reached XP level 2. HP: 22/22 MP: 0/4
   242 | D:1      | Reached skill level 1 in Fighting
   434 | D:2      | Found an opulent altar of Gozag.
   447 | D:2      | Reached XP level 3. HP: 22/28 MP: 1/5
   500 | D:2      | Found a sacrificial altar of Ru.
   522 | D:2      | HP: 11/28 [leopard gecko (1)]
   555 | D:2      | Noticed Jessica
   568 | D:2      | HP: 11/28 [bat (1)]
   579 | D:2      | HP: 10/28 [bat (1)]
   584 | D:2      | HP: 10/28 [jackal (1)]
   590 | D:2      | HP: 9/28 [bat (1)]
   826 | D:3      | Reached XP level 4. HP: 31/36 MP: 3/6
   836 | D:3      | Learned a level 4 spell: Summon Ice Beast
   836 | D:3      | Found a glowing golden altar of the Shining One.
   846 | D:3      | Reached skill level 1 in Short Blades
   975 | D:4      | Found a shadowy altar of Dithmenos.
  1001 | D:4      | Reached skill level 2 in Short Blades
  1003 | D:5      | Entered Level 5 of the Dungeon
  1056 | D:4      | Reached skill level 3 in Short Blades
  1056 | D:4      | Reached XP level 5. HP: 20/41 MP: 3/7
  1069 | D:4      | HP: 16/41 [poisoned by a scorpion]
  1079 | D:4      | HP: 15/41 [poisoned by a scorpion]
  1085 | D:4      | HP: 15/41 [poisoned by a scorpion]
  1090 | D:4      | HP: 14/41 [poisoned by a scorpion]
  1199 | D:4      | Found a basalt altar of Yredelemnul.
  1202 | D:4      | Found a snail-covered altar of Cheibriados.
  1206 | D:4      | Became a worshipper of Cheibriados the Contemplative
  1215 | D:4      | Found a shattered altar of Ashenzari.
  1384 | D:4      | Found a shattered altar of Ashenzari.
  1407 | D:4      | HP: 6/41 [orc priest/divine providence (14)]
  1424 | D:4      | Noticed khargal's ghost (amateur GrFi)
  1492 | D:4      | Noticed an ogre
  1560 | D:4      | Reached skill level 1 in Summonings
  1560 | D:4      | HP: 3/41 [ogre/giant spiked club (19)]
  1623 | D:3      | HP: 10/41 [bat (1)]
  1688 | D:3      | Reached XP level 6. HP: 22/48 MP: 5/8
  1740 | D:5      | Noticed Ijyb
  1748 | D:5      | Paralysed by Ijyb for 6 turns
  1762 | D:5      | Killed Ijyb
  1942 | D:5      | Reached skill level 4 in Short Blades
  2114 | D:6      | Found a sparkling altar of Nemelex Xobeh.
  2162 | D:6      | Found a glowing drain.
  2201 | Sewer    | Entered a sewer
  2300 | Sewer    | Reached XP level 7. HP: 44/56 MP: 9/9
  2465 | D:6      | Reached * piety under Cheibriados
  2716 | D:6      | Reached skill level 5 in Short Blades
  2915 | D:7      | Reached XP level 8. HP: 32/62 MP: 1/10
  2924 | D:7      | HP: 22/62 [killer bee (7)]
  2929 | D:7      | HP: 16/63 [poisoned by a killer bee]
  2996 | D:7      | HP: 23/63 [gnoll/spear (7)]
  3002 | D:7      | HP: 15/63 [gnoll (5)]
  3097 | D:7      | Found a bloodstained altar of Trog.
  3099 | D:7      | Noticed a hippogriff
  3105 | D:7      | HP: 19/63 [ogre/giant club (19)]
  3110 | D:7      | Mangled by an ogre

Vault maps used:
D:1:      shiori_arrival_whats_in_store_for_you, minivault_23
D:2:      lemuel_crystal_altar, nicolae_ru_sacrificial_ziggurat,
          chequers_ecumenical_altar_grove, uniq_jessica
D:3:      old_standard_altar
D:4:      nicolae_dithmenos_the_darkroom, minitemple, serial_shops,
          kennysheep_mini, cheibrodos_ashenzari_chains
D:5:      first_ration, uniq_ijyb
D:6:      kennysheep_mini_moat, temple_hall, portal_sewer_entry_a
D:7:      lemuel_round_altar
Sewer:    sewer_minmay_w

Skill      XL: |  1  2  3  4  5  6  7  8 |
---------------+-------------------------+-----
Ice Magic      | 3 4 |  4.8
Fighting       | 1 2 3 |  3.4
Short Blades   | 3 4 5 |  5.4
Summonings     | 1 2 3 4 |  4.1
Dodging        | |  1.3
Stealth        | |  1.1
Spellcasting   | |  1.5
Conjurations   | |  0.8

Action                   |  1- 3 |  4- 6 |  7- 9 || total
-------------------------+-------+-------+-------++-------
Melee: Unarmed           |    44 |       |       ||    44
       Kick              |     8 |    28 |    43 ||    79
       Dagger            |    25 |   101 |   164 ||   290
 Cast: Freeze            |    43 |    40 |    12 ||    95
Invok: Bend Time         |       |       |     3 ||     3
Evoke: Wand              |       |     3 |     5 ||     8
  Use: Scroll            |     3 |     5 |     5 ||    13
       Potion            |       |     1 |     4 ||     5
 Stab: Paralysed         |       |     1 |     2 ||     3
  Eat: Chunk             |       |     3 |     2 ||     5
       Ration            |       |     1 |       ||     1
Armor: Robe              |    48 |    32 |    63 ||   143
Dodge: Dodged            |    62 |    52 |    83 ||   197

Table legend:
 A = Spawn XP
 B = Non-spawn XP
 C = Spawn XP percentage of total XP
 D = Spawn monster count
 E = Non-spawn monster count
 F = Spawn count percentage of total count
 G = Total turns spent on level
                    A         B        C        D         E        F      G
               +---------+---------+-------+---------+---------+-------+---------
         Total |       0 |    1655 |   0.0 |       0 |     130 |   0.0 |  3110
               +---------+---------+-------+---------+---------+-------+---------
           D:1 |       0 |      37 |   0.0 |       0 |      17 |   0.0 |   426
           D:2 |       0 |      43 |   0.0 |       0 |      16 |   0.0 |   324
           D:3 |       0 |     111 |   0.0 |       0 |      23 |   0.0 |   463
           D:4 |       0 |     211 |   0.0 |       0 |      11 |   0.0 |   516
           D:5 |       0 |     236 |   0.0 |       0 |       9 |   0.0 |   357
           D:6 |       0 |     564 |   0.0 |       0 |      22 |   0.0 |   498
           D:7 |       0 |     383 |   0.0 |       0 |      13 |   0.0 |   289
         Sewer |       0 |      70 |   0.0 |       0 |      19 |   0.0 |   237
               +---------+---------+-------+---------+---------+-------+---------
